 Dungeon Crawl Stone Soup version 0.29.0-4-gdea44cf6ec (webtiles) character file.

Game seed: 17954969857320447280

679 LynnLen the Sneak (level 7, -4/35 HPs)
             Began as a Spriggan Enchanter on Aug 27, 2022.
             Killed from afar by Blork the orc (9 damage)
             ... with a puff of flame
             ... on level 5 of the Dungeon.
             The game lasted 00:19:17 (5858 turns).

LynnLen the Sneak (Spriggan Enchanter)              Turns: 5858, Time: 00:19:17

Health: -4/35      AC:  4    Str: 10    XL:     7   Next: 34%
Magic:  6/15       EV: 17    Int: 18    God:
Gold:   218        SH:  0    Dex: 16    Spells: 4/15 levels left

rFire   . . .      SeeInvis +   a - +4 dagger
rCold   . . .      Faith    .   (no shield)
rNeg    . . .      Spirit   .   b - +0 robe
rPois   .          Reflect  .   p - +2 hat
rElec   .          Harm     .   (no cloak)
rCorr   .          Rampage  .   (gloves unavailable)
Will    +....                   (boots unavailable)
Stlth   ++++......              (no amulet)
HPRegen 0.11/turn               e - +6 ring of strength
MPRegen 0.14/turn               m - ring of wizardry

@: very quick
A: very small, no large weapons, unfitting armour, see invisible, speed 3
a: no special abilities


You were on level 5 of the Dungeon.
You visited 1 branch of the dungeon, and saw 5 of its levels.

You collected 218 gold pieces.

Inventory:

Hand Weapons
 a - a +4 dagger (weapon)
Armour
 b - a +0 robe (worn)
 p - a +2 hat (worn)
Jewellery
 e - a +6 ring of strength (left hand)
 m - a ring of wizardry (right hand)
 q - a +6 ring of dexterity
Wands
 t - a wand of flame (9)
Scrolls
 d - 2 scrolls of teleportation
 f - a scroll of fear
 i - a scroll of magic mapping
 k - 2 scrolls of brand weapon {unknown}
 l - a scroll of amnesia
 r - a scroll of enchant armour {unknown}
 s - a scroll of silence {unknown}
 v - a scroll of blinking {unknown}
Potions
 c - a potion of invisibility
 g - 2 potions of brilliance {unknown}
 h - a potion of curing
 j - 2 potions of lignification {unknown}
 n - a potion of mutation
 o - a potion of magic


   Skills:
 + Level 2.6 Fighting
 + Level 2.3 Short Blades
 - Level 2.6 Dodging
 + Level 7.1 Stealth
 + Level 4.8 Spellcasting
 + Level 1.1 Conjurations
 - Level 5.0 Hexes
 + Level 2.5 Ice Magic


You had 4 spell levels left.
You knew the following spells:

 Your Spells              Type           Power      Damage    Failure   Level
a - Ensorcelled Hibernat  Hex/Ice        34%        N/A       1%          2
b - Confusing Touch       Hex            22%        N/A       2%          3
c - Tukima's Dance        Hex            22%        N/A       2%          3
d - Dazzling Flash        Conj/Hex       30%        N/A       4%          3

Your spell library contained the following spells:

 Spells                   Type           Power      Damage    Failure   Level
 Sublimation of Blood     Necr           4%         N/A       9%          2
 Wereblood                Tmut           4%         N/A       9%          2
 Conjure Flame            Conj/Fire      6%         6-21      13%         3
 Ignite Poison            Fire/Tmut/Pois 4%         N/A       16%         3
 Sticky Flame             Conj/Fire      6%         2d3       38%         4
 Summon Hydra             Summ           2%         N/A       100%        7


Dungeon Overview and Level Annotations

Branches:
Dungeon (5/15)
 Temple: D:4-7

Altars:
Hepliaklqana
Nemelex Xobeh
Qazlal
Ru
Zin

Annotations:
D:3 1 runed translucent door, RascalDebosk's ghost, amateur DsNe
D:5 Blork the orc


Innate Abilities, Weirdness & Mutations

You are very small and have problems with some larger weapons.
You are too small for most types of armour.
You have supernaturally acute eyesight. (SInv)
You cover ground extremely quickly. (Speed+++)


Message History

The orc priest resists with some effort.
The orc hits you with a +0 club.
The orc priest hits you but does no damage.
You feel better.
Blork the orc gestures wildly while chanting.
Blork the orc seems to speed up.
The orc priest barely misses you. The orc misses you.
You feel better.
The orc priest invokes the aid of Beogh against you.
Beogh smites you!
Aiming: Ensorcelled Hibernation (safe; 1% risk of failure)
Press: ? - help, Q - select action, (/) - cycle Shift-Dir - straight line, f/p - orc priest
Aim: an orc priest, wielding a +0 hand axe (heavily wounded, chance to affect: 50%)
The orc priest resists with some effort.
The orc closely misses you. x2
The orc priest hits you with a +0 hand axe.
Aiming: Ensorcelled Hibernation (safe; 1% risk of failure)
Press: ? - help, Q - select action, (/) - cycle Shift-Dir - straight line, f/p - orc priest
Aim: an orc priest, wielding a +0 hand axe (heavily wounded, chance to affect: 50%)
The orc priest looks drowsy...
The orc misses you.
The helpless orc priest fails to defend itself.
You impale the orc priest!!
You kill the orc priest!
Blork the orc misses you. The orc hits you with a +0 club.
Aiming: Ensorcelled Hibernation (safe; 1% risk of failure)
Press: ? - help, Q - select action, (/) - cycle Shift-Dir - straight line, f - orc
Aim: an orc, wielding a +0 club and wearing a +0 leather armour (chance to affect: 67%)
The orc looks drowsy...
Blork the orc completely misses you. The orc barely misses you.
Your magical contamination has completely faded away.
The helpless orc fails to defend itself.
You skewer the orc like a kebab!!!
You kill the orc!
Blork the orc barely misses you. The orc hits you with a +0 war axe.
Blork the orc hits you with a +5 long sword!
* * * LOW HITPOINT WARNING * * *
Blork the orc casts a spell at you. The puff of flame hits you!
You die...

##...##)........
#.......).......
###.......####+##+
#..†.#....# #.##.#o#..#
#.##.#.#..#### #
#....o.....#.#.# .
#######..........#.##.#
###..<###@..............#
#..................#.#..#
#.#.##.....#####.........
..###.#.##.....#####.....#..#
.......[...<.................
#.....#.#................#...
#..#.##.#......[.........# ..
+. #. .........####.##.#.....
# ##.......... ..# .####..


You could see Blork the orc (fast) and an orc.

Vanquished Creatures
  A centaur (D:3)
  A necrophage (D:4)
  2 scorpions
  2 hounds (D:4)
  2 orc priests
  3 iguanas (D:4)
  Terence (D:2)
  2 orc wizards (D:4)
  5 adders
  2 worms
  2 dart slugs
  12 orcs
  7 bats
  4 endoplasms
  2 giant cockroaches
  5 goblins
  5 hobgoblins
  5 jackals (D:4)
  7 kobolds
  7 quokkas
  3 ball pythons
  3 frilled lizards
  7 rats
90 creatures vanquished.

Vanquished Creatures (others)
  3 plants (D:1)
3 creatures vanquished.

Grand Total: 93 creatures vanquished

Notes
Turn   | Place    | Note
-------+----------+-------------------------------------------
     0 | D:1      | LynnLen the Spriggan Enchanter began the quest for the Orb.
     0 | D:1      | Reached XP level 1. HP: 9/9 MP: 5/5
   788 | D:1      | Reached XP level 2. HP: 10/14 MP: 6/6
  1049 | D:1      | Learned a level 2 spell: Ensorcelled Hibernation
  2157 | D:2      | Reached skill level 5 in Stealth
  2630 | D:2      | Noticed Terence
  2637 | D:2      | Killed Terence
  2638 | D:2      | Reached skill level 1 in Fighting
  2638 | D:2      | Reached XP level 3. HP: 18/18 MP: 8/8
  2762 | D:2      | Noticed a scorpion
  2804 | D:2      | Killed a scorpion
  2805 | D:2      | Reached skill level 1 in Ice Magic
  2805 | D:2      | Reached XP level 4. HP: 22/22 MP: 6/10
  2988 | D:2      | Reached XP level 5. HP: 25/25 MP: 8/11
  3395 | D:3      | Noticed a centaur
  3404 | D:3      | Learned a level 3 spell: Confusing Touch
  3408 | D:3      | Learned a level 3 spell: Tukima's Dance
  3433 | D:3      | Killed a centaur
  3434 | D:3      | Reached skill level 6 in Stealth
  3612 | D:3      | Found a runed translucent door.
  3617 | D:3      | Noticed RascalDebosk's ghost (amateur DsNe)
  3884 | D:3      | Found a hazy altar of Hepliaklqana.
  3884 | D:3      | Found a glowing silver altar of Zin.
  3913 | D:3      | Reached XP level 6. HP: 11/30 MP: 4/13
  4267 | D:3      | Learned a level 3 spell: Dazzling Flash
  4335 | D:4      | Reached skill level 5 in Hexes
  4362 | D:4      | Found a stormy altar of Qazlal.
  4362 | D:4      | Found a sparkling altar of Nemelex Xobeh.
  4863 | D:4      | Found a sacrificial altar of Ru.
  5115 | D:4      | Reached XP level 7. HP: 32/35 MP: 11/14
  5234 | D:5      | Entered Level 5 of the Dungeon
  5332 | D:4      | Reached skill level 1 in Conjurations
  5540 | D:4      | Reached skill level 7 in Stealth
  5839 | D:5      | Noticed Blork the orc
  5858 | D:5      | Killed from afar by Blork the orc

Illustrated notes

Levels and vault maps discovered:
D:1:      psy_arrival_fountain, layout_basic
D:2:      layout_loops_ring, minmay_fountain_box,
          corexii_item_surrounded_by_moat, uniq_terence
D:3:      layout_rooms, jmf_multi_god_temple, serial_curves, eino_curves_04,
          eino_curves_04, ebering_ghost_reflecting_pool
D:4:      layout_loops_ring, nicolae_ru_awakened_eye,
          gammafunk_temple_overflow_statue
D:5:      minmay_inner_zag, layout_basic, nicolae_vehumet_altar_sigil,
          uniq_blork_the_orc

Skill      XL: |  1  2  3  4  5  6  7 |
---------------+----------------------+-----
Spellcasting   | 3 4 |  4.8
Hexes          | 4 5 |  5.0
Stealth        | 5 6 7 |  7.1
Fighting       | 1 2 |  2.6
Ice Magic      | 1 2 |  2.5
Short Blades   | 2 |  2.3
Conjurations   | 1 |  1.1
Dodging        | |  2.6

Action                   |  1- 3 |  4- 6 |  7- 9 || total
-------------------------+-------+-------+-------++-------
Melee: Dagger            |   100 |   111 |    26 ||   237
       Punch             |       |     3 |     1 ||     4
 Cast: Ensorcelled Hiber |     6 |    29 |    17 ||    52
       Confusing Touch   |       |     3 |       ||     3
  Use: Scroll            |     5 |     7 |     1 ||    13
       Potion            |       |     1 |     3 ||     4
 Stab: Sleeping          |     6 |    25 |     8 ||    39
       Invisible         |       |     5 |     2 ||     7
       Confused          |       |     2 |       ||     2
Armor: Robe              |     7 |    22 |     4 ||    33
Dodge: Dodged            |    80 |   152 |    51 ||   283
